 Dungeon Crawl Stone Soup version 0.29-a0-270-g1586fc07ea (webtiles) character file.

Game seed: 17439221461927756416

9492 enile the Thaumaturge (level 11, -8/90 HPs)
             Began as a Djinni Fire Elementalist on Mar 8, 2022.
             Was a Priest of Ashenzari.
             Mangled by an ice devil (22 damage)
             ... in an ice cave.
             The game lasted 00:24:27 (11282 turns).

enile the Thaumaturge (Djinni Fire Elementalist)   Turns: 11282, Time: 00:24:27

Health: -8/90      AC:  7    Str: 19    XL:     11   Next: 75%
Gold:   167        EV: 15    Int: 26    God:    Ashenzari [***...] SH: 12 Dex: 22

rFire   + . .      SeeInvis +   p - +3 whip of Dithmenos's Hope {freeze, Str+4 Dex+2}
rCold   x . .      Faith    .   P - +0 kite shield
rNeg    . . .      Spirit   .   v - +1 leather armour "Loupnasi" {Rampage rF- Str+8 Dex+5}
rPois   ∞          Reflect  .   q - +1 helmet "Eternal Trepidation" {Evo, Fort} (curse)
rElec   .          Harm     .   (no cloak)
rCorr   .          Rampage  +   A - +0 pair of gloves of Ashenzari's Limitation {Stlth+, Cun, Self} (curse)
Will    +....      Clarity  +   (boots unavailable)
Stlth   +++.......              y - amulet of the Eternal Doubts {Regen+, Melee, Self} (curse)
HPRegen 1.05/turn               h - ring of see invisible
MPRegen 0.00/turn               I - ring "Apathy of Ashenzari" {Int+6, Self, Range} (curse)

@: flying
A: sickness immunity, fire resistance 2, cold vulnerability 1, float, innate
caster, HP casting, extra vitality 1
a: Renounce Religion, Curse Item, Shatter the Chains


You were in an ice cave.
You worshipped Ashenzari.
Ashenzari was most pleased with you.
You visited 2 branches of the dungeon, and saw 12 of its levels.
You also visited: Sewer and Ice Cave.

You collected 678 gold pieces.
You spent 511 gold pieces at shops.

Inventory:

Hand Weapons
 p - the +3 whip of Dithmenos's Hope (weapon) {freeze, Str+4 Dex+2}
   (You found it on level 2 of the Dungeon)

   It freezes those it strikes, dealing additional cold damage.
   It can also slow down cold-blooded creatures.
   Str:       It affects your strength (+4).
   Dex:       It affects your dexterity (+2).
 w - a +3 whip of electrocution
 x - a +0 war axe
 B - the +1 halberd of Mourning {venom, rN+ Str+4}
   (You took it off a gnoll on level 4 of the Dungeon)

   It poisons the flesh of those it strikes.
   Str:       It affects your strength (+4).
   rN:        It protects you from negative energy.
 F - a +4 scythe of freezing
Missiles
 l - 14 poisoned darts (quivered)
 W - a throwing net
Armour
 a - a +0 robe
 m - a +0 pair of gloves
 q - the cursed +1 helmet "Eternal Trepidation" (worn) {Evo, Fort}
   (You bought it in a shop on level 3 of the Dungeon)

   It has a curse which improves the following skills: Evocations: Evocations.
   Fortitude: Armour and Shields.
 u - a +1 hat
 v - the +1 leather armour "Loupnasi" (worn) {Rampage rF- Str+8 Dex+5}
   (You took it off an orc on level 3 of the Dungeon)

   Str:       It affects your strength (+8).
   Dex:       It affects your dexterity (+5).
   rF:        It makes you vulnerable to fire.
   Rampage:   It bestows one free step when moving towards enemies.
 A - the cursed +0 pair of gloves of Ashenzari's Limitation (worn) {Stlth+, Cun, Self}
   (You bought it in a shop on level 5 of the Dungeon)

   It has a curse which improves the following skills: Cunning: Dodging and
   Stealth.
   Introspection: Fighting and Spellcasting.
 E - the +0 robe of Zoyrejer {Will+ Str+3 Int-2}
   (You bought it in a shop on level 5 of the Dungeon)

   Str:       It affects your strength (+3).
   Int:       It affects your intelligence (-2).
   Will:      It increases your willpower.
 M - a +2 robe
 P - a +0 kite shield (worn)
 V - a +0 ring mail of willpower
Magical Staves
 k - a staff of poison
Jewellery
 h - a ring of see invisible (left hand)
 y - the cursed amulet of the Eternal Doubts (around neck) {Regen+, Melee, Self}
   (You found it on level 4 of the Dungeon)

   [amulet of regeneration]

   Regen:     It increases your rate of health regeneration.
   It has a curse which improves the following skills: Melee Combat: Short
   Blades, Long Blades, Axes, Maces & Flails, Polearms, Staves and Unarmed
   Combat.
   Introspection: Fighting and Spellcasting.
 I - the cursed ring "Apathy of Ashenzari" (right hand) {Int+6, Self, Range}
   (You found it on level 5 of the Dungeon)

   [ring of intelligence]

   Int:       It affects your intelligence (+6).
   It has a curse which improves the following skills: Introspection: Fighting
   and Spellcasting.
   Ranged Combat: Slings, Bows, Crossbows and Throwing.
 N - a ring of fire
Wands
 z - a wand of paralysis (15)
 O - a wand of mindburst (21)
 X - a wand of charming (4)
Scrolls
 b - 2 scrolls of fog
 c - 3 scrolls of enchant weapon
 f - 2 scrolls of brand weapon
 n - 2 scrolls of vulnerability
 r - 2 scrolls of magic mapping
 s - 2 scrolls of enchant armour
 t - 4 scrolls of summoning
 J - 2 scrolls of immolation
 L - a scroll of fear
 Q - a scroll of teleportation
 R - a scroll of holy word
 S - 2 scrolls of blinking
Potions
 d - a potion of brilliance
 e - 5 potions of attraction
 g - 2 potions of flight
 i - a potion of mutation
 j - 2 potions of degeneration
 o - 6 potions of might
 C - a potion of haste
 D - a potion of lignification
 G - 4 potions of curing
 H - a potion of heal wounds
 K - 3 potions of cancellation
 T - 2 potions of resistance
 U - a potion of berserk rage


   Skills:
 + Level 9.1(12.3) Fighting
 - Level 4.8(6.4) Dodging
 - Level 1.5(2.7) Stealth
 - Level 6.4(8.1) Shields
 - Level 11.6(14.8) Spellcasting
 - Level 5.6(7.2) Evocations


You had 14 spell levels left.
You knew the following spells:

 Your Spells              Type           Power      Damage    Failure   Level
a - Foxfire               Conj/Fire      100%       2x1d9     1%          1
b - Scorch                Fire           100%       2d10      1%          2
c - Conjure Flame         Conj/Fire      77%        6-21      1%          3
d - Inner Flame           Hex/Fire       77%        N/A       1%          3
e - Flame Wave            Conj/Fire      77%        2d14      1%          4
f - Apportation           Tloc           100%       N/A       1%          1
g - Passwall              Tmut/Erth      64%        N/A       1%          2
h - Blink                 Tloc           100%       N/A       1%          2
i - Tukima's Dance        Hex            77%        N/A       1%          3
j - Fulminant Prism       Conj/Hex       38%        3d18      1%          4
Your spell library was empty.

Dungeon Overview and Level Annotations

Branches:
Dungeon (11/15)            Temple (1/1) D:4            Lair (0/6) D:9
  Sewer (visited)           IceCv (1/1)
    Orc: D:9-12

Altars:
Ashenzari
Cheibriados
Dithmenos
Elyvilon
Fedhas
Gozag
Hepliaklqana
Kikubaaqudgha
Makhleb
Nemelex Xobeh
Okawaru
Qazlal
Ru
Sif Muna
Trog
Uskayaw
Vehumet
Wu Jian
Xom
Yredelemnul
Zin
The Shining One

Shops:
D:3 *   D:5 [[*

Annotations:
D:8 mcwallace's ghost, novice FoFi


Innate Abilities, Weirdness & Mutations

You are immune to sickness and miasma.
You are immune to poison.
Your flesh is very heat resistant. (rF++)
You are vulnerable to cold. (rC-)
You float through the air rather than walking.
You learn spells naturally, not from books.
Your magical power is your life essence.
You have superior vitality. (+4 MHP)


Message History

The ice devil is moderately wounded.
The ice devil is engulfed in blazing flames.
Flame seeps out of the ice devil.
Casting: Foxfire (safe; 1% risk of failure)
Confirm with . or Enter, or press ? or * to list all spells.
Flames lash the ice devil.
The ice devil is burned terribly!
Flame seeps out of the ice devil.
The ice devil is severely wounded.
The ice devil's fire resistance burns away.
The ice devil is engulfed in blazing flames.
Flame seeps out of the ice devil.
The ice devil barely misses you.
You hit the ice devil but do no damage.
The ice devil is almost dead.
You block the ice devil's attack.
You hit the ice devil but do no damage.
The ice devil is almost dead.
The ice devil hits you. The ice devil freezes you!!
You feel a terrible chill!
You barely miss the ice devil.
The ice devil is almost dead.
The ice devil is no longer more vulnerable to fire.
You block the ice devil's attack. The polar bear simulacrum bites you.
The polar bear simulacrum freezes you!!
You feel a terrible chill!
* * * LOW HITPOINT WARNING * * *
The polar bear simulacrum closely misses you.
You block the polar bear simulacrum's attack.
Casting: Scorch (safe; 1% risk of failure)
Confirm with . or Enter, or press ? or * to list all spells.
You blink.
An ice devil comes into view.
* * * LOW HITPOINT WARNING * * *
Casting: Blink (safe; 1% risk of failure)
Confirm with . or Enter, or press ? or * to list all spells.
You blink.
A cane toad simulacrum comes into view.
* * * LOW HITPOINT WARNING * * *
The ice devil hits you!
* * * LOW HITPOINT WARNING * * *
The ice devil freezes you!!
You feel a terrible chill!
You die...

#...∩§..#
##.....##
##Z4.## ##§..#
#...## #...##
##...#
**##...## * *
,#...@.#,**
#.......4...#
*.............#
*
.............#*
..............#
*
.....Z........#
*
......⌠.......#
..............#
*


You could see 2 ice devils, a cane toad simulacrum and a polar bear simulacrum.

Vanquished Creatures
  Pikel (D:5)
  A phantasmal warrior (D:7)
  Joseph (D:10)
  An unseen horror (D:11)
  2 freezing wraiths (D:7)
  2 trolls (D:9)
  The ghost of avis the Ruffian, an amateur HOTm (D:4)
  A wyvern (D:8)
  2 wraiths
  Sigmund (D:5)
  2 acid dragons (D:10)
  3 water moccasins
  A sky beast (D:5)
  2 orc warriors
  2 ice beasts
  6 centaurs
  An ogre (D:5)
  2 lemures
  5 bullfrogs
  2 necrophages
  A gnoll sergeant (D:7)
  3 scorpions
  11 wights
  5 killer bees (D:9)
  6 howler monkeys
  An orc priest (D:10)
  4 hounds
  2 gnoll shamans
  Jessica (D:2)
  8 iguanas
  6 orc wizards
  A troll simulacrum (IceCv)
  12 adders
  17 gnolls
  7 river rats (Sewer)
  2 white imps
  An ufetubus (D:6)
  2 worms (D:2)
  2 dart slugs
  17 orcs
  10 endoplasms
  5 giant cockroaches
  4 goblins
  14 hobgoblins
  4 jackals
  2 quokkas
  16 ball pythons
  2 bats (D:1)
  7 frilled lizards
  9 kobolds
  22 rats
  A spectral hobgoblin (D:4)
244 creatures vanquished.

Vanquished Creatures (collateral kills)
  A hydra (D:11)
  A boulder beetle (D:11)
  A death knight (D:7)
  A troll (D:11)
  A howler monkey (D:7)
  A foxfire (D:7)
6 creatures vanquished.

Vanquished Creatures (others)
  2 dancing weapons
  509 foxfires
  8 fulminant prisms
  6 plants (D:4)
525 creatures vanquished.

Grand Total: 775 creatures vanquished

Notes
Turn   | Place    | Note
-------+----------+-------------------------------------------
     0 | D:1      | enile the Djinni Fire Elementalist began the quest for the
                  | Orb.
     0 | D:1      | Reached XP level 1. HP: 15/15 MP: 0/0
   328 | D:2      | Reached skill level 1 in Fighting
   541 | D:2      | Reached XP level 2. HP: 7/22 MP: 0/0
  1474 | D:1      | Reached XP level 3. HP: 26/29 MP: 0/0
  1474 | D:1      | Learned a level 1 spell: Apportation
  2652 | D:2      | Noticed Jessica
  2658 | D:2      | Reached XP level 4. HP: 19/35 MP: 0/0
  2658 | D:2      | Killed Jessica
  3124 | D:2      | Identified the +3 whip of Dithmenos's Hope {freeze, Str+4
                  | Dex+2}
  3527 | D:3      | Found Bezypn's Assorted Antiques.
  3592 | D:3      | Found a shadowy altar of Dithmenos.
  3592 | D:3      | Found a snail-covered altar of Cheibriados.
  3603 | D:3      | Bought a runed helmet for 135 gold pieces
  3660 | D:3      | Found a burning altar of Makhleb.
  3662 | D:3      | Reached XP level 5. HP: 39/41 MP: 0/0
  3662 | D:3      | Learned a level 2 spell: Passwall
  3777 | D:3      | Found a bloodstained altar of Trog.
  3788 | D:3      | Identified the +1 leather armour "Loupnasi" {Rampage rF-
                  | Str+8 Dex+5}
  4417 | D:4      | Found a transporter.
  4427 | D:4      | Found a transporter.
  4477 | D:4      | Reached skill level 3 in Spellcasting
  4500 | D:4      | Identified the +1 halberd of Mourning {venom, rN+ Str+4}
  4573 | D:4      | Noticed avis's ghost (amateur HOTm)
  4689 | D:4      | Reached XP level 6. HP: 25/47 MP: 0/0
  4919 | D:4      | Found a hazy altar of Hepliaklqana.
  5011 | D:4      | Found a staircase to the Ecumenical Temple.
  5124 | D:4      | Found a blossoming altar of Fedhas.
  5127 | D:4      | Found a shimmering altar of Xom.
  5131 | D:4      | Found a sacrificial altar of Ru.
  5131 | D:4      | Found a hide-covered altar of Uskayaw.
  5131 | D:4      | Found a stormy altar of Qazlal.
  5397 | Temple   | Entered the Ecumenical Temple
  5477 | Temple   | Became a worshipper of Ashenzari the Shackled
  5581 | D:4      | Paralysed by a gnoll for 5 turns
  5589 | D:4      | Reached skill level 4 in Spellcasting
  5594 | D:4      | Killed avis's ghost
  5595 | D:4      | Reached skill level 5 in Spellcasting
  5595 | D:4      | Reached XP level 7. HP: 46/52 MP: 0/0
  5595 | D:4      | Learned a level 2 spell: Blink
  5673 | D:4      | Paralysed by a gnoll for 5 turns
  5725 | D:5      | Entered Level 5 of the Dungeon
  5754 | D:5      | Noticed Pikel
  5846 | D:5      | Found Zefuoneerch's Antique Armour Shoppe.
  5852 | D:5      | Bought a sheer robe for 159 gold pieces
  5852 | D:5      | Identified the +0 robe of Zoyrejer {Will+ Str+3 Int-2} (You
                  | bought it in a shop on level 5 of the Dungeon)
  6134 | D:5      | Noticed Sigmund
  6141 | D:5      | Killed Sigmund
  6142 | D:5      | Reached skill level 5 in Fighting
  6142 | D:5      | Reached XP level 8. HP: 44/60 MP: 0/0
  6234 | D:5      | Found a sparkling altar of Nemelex Xobeh.
  6460 | D:5      | Reached skill level 6 in Spellcasting
  6580 | D:5      | Killed Pikel
  6581 | D:5      | Reached skill level 8 in Spellcasting
  6581 | D:5      | Reached XP level 9. HP: 65/66 MP: 0/0
  6581 | D:5      | Learned a level 3 spell: Tukima's Dance
  6595 | D:5      | Found Beguaz's Antique Armour Shop.
  6653 | D:5      | Found Semunoad's Assorted Antiques.
  6660 | D:5      | Bought a scroll labelled ETHUAN ZOTY for 30 gold pieces
  6876 | D:6      | Reached * piety under Ashenzari
  6889 | D:6      | Reached skill level 9 in Spellcasting
  7042 | D:6      | Found a glowing drain.
  7051 | Sewer    | Entered a sewer
  7335 | Sewer    | Identified the +4 short sword "Dihappuv" {vorpal, rF+ Int+3
                  | Dex+4}
  7358 | D:6      | Reached skill level 10 in Spellcasting
  8115 | D:7      | Noticed a death knight
  8116 | D:7      | Noticed a phantasmal warrior
  8119 | D:7      | Noticed a freezing wraith
  8120 | D:7      | Killed a phantasmal warrior
  8121 | D:7      | Reached skill level 11 in Spellcasting
  8121 | D:7      | Reached XP level 10. HP: 71/73 MP: 0/0
  8134 | D:7      | Noticed a freezing wraith
  8137 | D:7      | Killed a death knight
  8138 | D:7      | Reached skill level 5 in Evocations
  8152 | D:7      | Killed a freezing wraith
  8166 | D:7      | Killed a freezing wraith
  8451 | D:5      | Bought a pair of glowing gloves for 187 gold pieces
  8469 | D:5      | Reached ** piety under Ashenzari
  9251 | D:8      | Reached XP level 11. HP: 83/85 MP: 0/0
  9251 | D:8      | Learned a level 4 spell: Fulminant Prism
  9266 | D:8      | Found a runed translucent door.
  9281 | D:8      | Noticed mcwallace's ghost (novice FoFi)
  9468 | D:8      | Found an iron altar of Okawaru.
  9672 | D:8      | Reached *** piety under Ashenzari
  9741 | D:9      | Found a staircase to the Lair.
  9804 | D:9      | Reached skill level 1 in Shields
 10474 | D:10     | Entered Level 10 of the Dungeon
 10749 | D:10     | Noticed Joseph
 10774 | D:10     | Killed Joseph
 10775 | D:10     | Reached skill level 5 in Shields
 11101 | D:11     | Noticed a four-headed hydra
 11180 | D:11     | Noticed a boulder beetle
 11188 | D:11     | Killed a four-headed hydra
 11193 | D:11     | Killed a boulder beetle
 11242 | D:11     | Found a frozen archway.
 11260 | IceCv    | Entered an ice cave
 11282 | IceCv    | Mangled by an ice devil

Illustrated notes

Levels and vault maps discovered:
D:1:      heliophobic_arrival_battle_scene, layout_loops_ring
D:2:      layout_loops_ring, uniq_jessica
D:3:      layout_rooms, overflow_temple_1_default, lightli_temple_of_fire,
          grunt_temple_overflow_open, serial_shops, nicolae_diamond_shop,
          grunt_decor_fettered
D:4:      layout_loops_ring, nicolae_hepliaklqana_monster_ancestors,
          doesnt_xom_only_xom, led_sif_pool, minmay_temple_entry_glass,
          gammafunk_ghost_gnarly_gnolls, kennysheep_cross_room
D:5:      layout_loops_corners, nemelex_xobeh_ov_fountains_minmay, serial_shops,
          nicolae_shop_stone, shop, nicolae_shop_hallway_plus,
          nicolae_elevator_lobby_plus, uniq_pikel, uniq_sigmund
D:6:      layout_basic, kennysheep_mini, portal_sewer_entry_d, serial_rivers,
          chequers_serial_rivers_room_a, chequers_serial_rivers_large_a,
          chequers_serial_rivers_micro_e, chequers_serial_rivers_marsh,
          chequers_serial_rivers_micro_a
D:7:      hellmonk_ruined_rings, layout_loops_corners
D:8:      layout_rooms, mainiacjoe_overflow_boulevard,
          hellmonk_ghost_happy_afterlife, serial_glass, glass_columns_b,
          glass_columns_a
D:9:      layout_gridville, lair_entry_dummy
D:10:     layout_basic, serial_rivers, chequers_serial_rivers_micro_e,
          chequers_serial_rivers_micro_a, chequers_serial_rivers_micro_a,
          chequers_serial_rivers_micro_b, chequers_serial_rivers_room_a,
          uniq_joseph
D:11:     layout_layer_cave, serial_shops, shop, portal_ice_cave_entry_pillars_1
Temple:   nicolae_temple_x_marks_the_god
IceCv:    ice_cave_tombish

Skill      XL: |  1  2  3  4  5  6  7  8  9 10 11 |
---------------+----------------------------------+-----
Fighting       | 1 2 3 4 5 6 8 9 |  9.1
Spellcasting   | 3 5 8 11 | 11.6
Dodging        | 3 4 |  4.8
Evocations     | 3 5 |  5.6
Shields        | 6 |  6.4
Stealth        | |  1.5

Action                   |  1- 3 |  4- 6 |  7- 9 | 10-12 || total
-------------------------+-------+-------+-------+-------++-------
Melee: Whip              |       |    39 |    20 |    10 ||    69
Throw: Throwing net      |       |       |     1 |     1 ||     2
 Cast: Foxfire           |    83 |    69 |    89 |    74 ||   315
       Scorch            |    15 |    23 |    75 |    76 ||   189
       Inner Flame       |       |     1 |     9 |    11 ||    21
       Conjure Flame     |       |       |     1 |       ||     1
       Blink             |       |       |       |     8 ||     8
       Tukima's Dance    |       |       |       |     8 ||     8
       Fulminant Prism   |       |       |       |     8 ||     8
Invok: Curse Item        |       |       |     2 |     2 ||     4
  Use: Scroll            |     1 |     5 |       |     2 ||     8
 Stab: Sleeping          |       |     2 |       |       ||     2
Armor: Robe              |     5 |     1 |       |       ||     6
       Leather armour    |       |    16 |    21 |     9 ||    46
Dodge: Dodged            |    25 |    33 |    55 |    49 ||   162
Block: Kite shield       |       |       |       |     8 ||     8

Table legend: (Time is in decaauts)
 A = Elapsed time spent in this place.
 B = Non-inter-level travel time spent in this place.
 C = Inter-level travel time spent in this place.
 D = Time resting spent in this place.
 E = Time spent auto-exploring this place.
 F = Levels seen in this place.
 G = Mean time per level.
                   A        B        C        D        E       F      G
               +--------+--------+--------+--------+--------+-----+--------+
         Total |  11293 |  10482 |    811 |    505 |   7726 |  14 |  806.6 |
       Dungeon |  10894 |  10109 |    785 |    505 |   7528 |  11 |  990.4 |
        Temple |     90 |     64 |     26 |      0 |     59 |   1 |   90.0 |
         Sewer |    285 |    285 |      0 |      0 |    139 |   1 |  285.0 |
      Ice Cave |     22 |     22 |      0 |      0 |      0 |   1 |   22.0 |
               +--------+--------+--------+--------+--------+-----+--------+

Top non-repeatable levels by time:
     D:1: 1843 daAuts
     D:2: 1553 daAuts
     D:4: 1392 daAuts
     D:7: 1082 daAuts
     D:6: 1058 daAuts
     D:5: 1008 daAuts
     D:3: 885 daAuts
     D:9: 740 daAuts
    D:10: 668 daAuts
     D:8: 543 daAuts
   Sewer: 285 daAuts
    D:11: 118 daAuts
  Temple: 90 daAuts
   IceCv: 22 daAuts
